 Dungeon Crawl Stone Soup version 0.24.0-41-g2ae2f7f1be (webtiles) character file.

Game seed: 13015359951332542878, levelgen mode: deterministic

2901 Hasart the Covert (level 9, -4/45 HPs)
             Began as a Vampire Enchanter on Dec 11, 2019.
             Was an Initiate of Gozag.
             Slain by a red ugly thing (6 damage)
             ... on level 8 of the Dungeon.
             The game lasted 00:24:18 (7558 turns).

Hasart the Covert (Vampire Enchanter)               Turns: 7558, Time: 00:24:18

Health: -4/45      AC:  6    Str: 12    XL:     9   Next: 49%
Magic:  1/22       EV: 24    Int: 20    God:    Gozag
Gold:   368        SH:  0    Dex: 20    Spells: 5/14 levels left

rFire    + . .     SeeInvis +   a - +1 dagger
rCold    + + +     Gourm    .   (no shield)
rNeg     + + +     Faith    .   r - +0 troll leather armour {Purgy}
rPois    ∞         Spirit   .   (no helmet)
rElec    +         Reflect  .   y - +0 cloak
rCorr    +         Harm     .   x - +0 pair of gloves
MR       .....                  (no boots)
Stlth    ++++++++..             (no amulet)
HPRegen  0.00/turn              l - ring of magical power
MPRegen  0.18/turn              b - +3 ring of evasion

@: mighty, agile, resistant, marked, gold aura, bloodless, hasted, very quick
A: no food, fangs 3, see invisible, unbreathing
a: Bat Form, Revivify, Potion Petition, Call Merchant, Bribe Branch, Renounce
Religion


You were on level 8 of the Dungeon.
You worshipped Gozag.
Gozag was aware of your devotion.
You were bloodless.

You visited 2 branches of the dungeon, and saw 9 of its levels.
You also visited: Sewer.

You collected 887 gold pieces.
You paid 519 gold pieces to Gozag.

Inventory:

Hand Weapons
 a - a +1 dagger (weapon)
 D - a +0 rapier
Armour
 r - a +0 troll leather armour (worn) {Purgy}
 x - a +0 pair of gloves (worn)
 y - a +0 cloak (worn)
Jewellery
 b - a +3 ring of evasion (right hand)
 l - a ring of magical power (left hand)
Wands
 A - a wand of disintegration (17)
 C - a wand of flame (16)
Scrolls
 c - 6 scrolls of fear {unknown}
 g - a scroll of fog {unknown}
 k - 4 scrolls of amnesia {unknown}
 n - a scroll of noise {unknown}
 o - 5 scrolls of remove curse {unknown}
 p - 2 scrolls of blinking {unknown}
 q - 4 scrolls of identify {unknown}
 s - a scroll of random uselessness {unknown}
 u - a scroll of enchant armour {unknown}
 v - 2 scrolls of magic mapping {unknown}
 B - 2 scrolls of teleportation {unknown}
 F - a scroll of enchant weapon {unknown}
Potions
 d - a potion of cancellation {unknown}
 e - a potion of resistance {unknown}
 f - a potion of berserk rage {unknown}
 h - 5 potions of curing {unknown}
 i - 4 potions of mutation {unknown}
 j - a potion of flight {unknown}
 m - 2 potions of haste {unknown}
 t - 2 potions of ambrosia {unknown}
 w - 2 potions of lignification {unknown}
 z - a potion of magic {unknown}
 E - a potion of brilliance {unknown}
 G - a potion of agility {unknown}


   Skills:
 * Level 7.2 Short Blades
 + Level 5.6 Dodging
 * Level 11.1 Stealth
 - Level 3.2 Spellcasting
 + Level 8.9 Hexes
 - Level 3.1 Ice Magic
 + Level 3.1 Evocations


You had 5 spell levels left.
You knew the following spells:

 Your Spells              Type           Power        Failure   Level  Hunger
a - Corona                Hex            #####..      1%          1    N/A
b - Ensorcelled Hibernat  Hex/Ice        ####..       2%          2    N/A
c - Confuse               Hex            #####...     1%          3    N/A
d - Tukima's Dance        Hex            #####...     1%          3    N/A

Your spell library contained the following spells:

 Spells                   Type           Power        Failure   Level  Hunger
 Dazzling Spray           Conj/Hex       ###...       9%          3    N/A

Dungeon Overview and Level Annotations

Branches:
Dungeon (8/15)             Temple (1/1) D:5           Sewer (visited)
   Lair: D:8-11

Altars:
Ashenzari
Cheibriados
Dithmenos
Elyvilon
Fedhas
Gozag
Hepliaklqana
Kikubaaqudgha
Makhleb
Nemelex Xobeh
Okawaru
Ru
Sif Muna
Trog
Uskayaw
Vehumet
Wu Jian
Xom
Yredelemnul
Zin
The Shining One

Annotations:
D:8 Mesmaeker13's ghost, novice DrCj


Innate Abilities, Weirdness & Mutations

You do not eat.
You do not regenerate when monsters are visible.
You are frail without blood (-20% HP).
You can heal yourself when you bite living creatures.
You are immune to poison.
You have razor-sharp teeth.
You have supernaturally acute eyesight. (SInv)
You can survive without breathing.


Message History

The red ugly thing is lightly wounded.
The wolf closely misses you.
You puncture the red ugly thing!
The red ugly thing is moderately wounded.
The kobold is no longer distracted by gold.
The bullfrog is no longer distracted by gold. x2
The red ugly thing barely misses you.
You hit the red ugly thing. Your bite misses the red ugly thing.
The red ugly thing is moderately wounded.
The wolf closely misses you.
The black bear becomes distracted by the nearby gold, dreaming of imaginary riches.
You barely miss the red ugly thing.
The red ugly thing is moderately wounded.
The centaur becomes distracted by the nearby gold, dreaming of imaginary riches.
The bullfrog becomes distracted by the nearby gold, dreaming of imaginary riches.
The wolf misses you. The red ugly thing kicks you!
* * * LOW HITPOINT WARNING * * *
You are engulfed in flames.
You resist.
You die...
Your body crumbles into a pile of gold. ####### Ka...$.#### ...K.....W# #K#K# #KYK# #KcF#

#.aF#
#.#h#
.h.#@#
..##.#u##
.. #.#W.#
. ..#..##
###..h#
##..# #
#..##.#
##..#.#
#.....# $


You could see a red ugly thing, a phantom, a black bear (unaware), an ice beast,
a big kobold, a wolf, 2 bullfrogs, a centaur (unaware), a worker ant,
Mesmaeker13's ghost and 4 kobolds.

Vanquished Creatures
  A troll (D:6)
  A hippogriff (D:8)
  A water moccasin (D:6)
  An orc warrior (D:6)
  Duvessa (D:7)
  A black bear (D:7)
  2 ice beasts
  A phantom (D:6)
  Purgy (Sewer)
  A sky beast (D:6)
  An ogre (D:6)
  A centaur (D:6)
  3 bullfrogs
  A wyvern zombie (D:6)
  Dowan (D:7)
  2 scorpions
  A howler monkey (D:5)
  3 crimson imps
  2 jellies
  A bullfrog zombie (D:5)
  Crazy Yiuf (D:5)
  A centaur skeleton (D:6)
  2 orc priests
  A hound (D:6)
  2 bullfrog skeletons (D:7)
  2 iguanas
  5 orc wizards
  10 worker ants
  7 gnolls
  2 adders
  A river rat (D:3)
  4 shadow imps
  An ooze (D:3)
  An adder skeleton (D:5)
  A worm (D:3)
  4 dart slugs
  5 leopard geckos
  24 orcs
  9 bats
  10 giant cockroaches
  5 hobgoblins
  17 jackals
  7 kobolds
  2 quokkas
  2 frilled lizards
  A goblin (D:3)
  2 quokka zombies (D:7)
  10 rats
166 creatures vanquished.

Notes
Turn   | Place    | Note
-------+----------+-------------------------------------------
     0 | D:1      | Hasart the Vampire Enchanter began the quest for the Orb.
     0 | D:1      | Reached XP level 1. HP: 13/13 MP: 3/3
   312 | D:1      | Reached XP level 2. HP: 3/15 MP: 5/5
   920 | D:1      | Learned a level 2 spell: Ensorcelled Hibernation
  1556 | D:2      | Reached XP level 3. HP: 19/19 MP: 6/6
  1688 | D:3      | Reached skill level 5 in Stealth
  1732 | D:3      | Reached skill level 5 in Hexes
  1762 | D:3      | Found a glowing drain.
  1937 | Sewer    | Entered a sewer
  2045 | Sewer    | Noticed Purgy
  2051 | Sewer    | Killed Purgy
  2051 | Sewer    | Reached skill level 1 in Ice Magic
  2051 | Sewer    | Reached XP level 4. HP: 18/24 MP: 7/7
  2051 | Sewer    | Reached XP level 5. HP: 21/28 MP: 8/8
  2583 | D:3      | Learned a level 3 spell: Confuse
  2587 | D:3      | Learned a level 3 spell: Tukima's Dance
  3017 | D:3      | Reached skill level 6 in Stealth
  3206 | D:4      | Reached XP level 6. HP: 31/32 MP: 10/10
  4057 | D:5      | Entered Level 5 of the Dungeon
  4107 | D:5      | Found a staircase to the Ecumenical Temple.
  4112 | Temple   | Entered the Ecumenical Temple
  4159 | Temple   | Became a worshipper of Gozag Ym Sagoz the Greedy
  4612 | D:5      | Reached skill level 7 in Stealth
  4619 | D:5      | Reached XP level 7. HP: 36/36 MP: 11/11
  4732 | D:5      | Found a runed translucent door.
  4733 | D:5      | Noticed Crazy Yiuf
  4799 | D:5      | Killed Crazy Yiuf
  5680 | D:6      | Reached skill level 8 in Stealth
  5870 | D:6      | Reached XP level 8. HP: 41/41 MP: 12/12
  5872 | D:6      | Reached skill level 5 in Short Blades
  5966 | D:6      | Reached skill level 1 in Evocations
  5990 | D:6      | Noticed a troll
  5999 | D:6      | Killed a troll
  5999 | D:6      | Reached skill level 9 in Stealth
  6434 | D:6      | Reached skill level 5 in Dodging
  6434 | D:6      | Reached skill level 10 in Stealth
  6434 | D:6      | Reached XP level 9. HP: 45/45 MP: 13/13
  6709 | D:7      | Noticed Duvessa
  6709 | D:7      | Noticed Dowan
  6729 | D:7      | Killed Duvessa
  6742 | D:7      | Killed Dowan
  7190 | D:8      | Noticed a red ugly thing
  7212 | D:8      | Found a runed translucent gate.
  7212 | D:8      | Found a runed translucent gate.
  7448 | D:8      | Found a runed translucent gate.
  7449 | D:8      | Noticed Mesmaeker13's ghost (novice DrCj)
  7547 | D:8      | Reached skill level 11 in Stealth
  7558 | D:8      | HP: 2/45 [red ugly thing (14)]
  7558 | D:8      | Slain by a red ugly thing

Levels and vault maps discovered:
D:1:      psy_arrival_heroes, layout_loops_ring
D:2:      layout_rooms, first_ration
D:3:      minmay_razor_zed, layout_rooms, gup_sewer_entry_bowl, st_stairs_14
D:4:      minmay_chambers_of_twos, layout_loops_ring
D:5:      layout_basic, temple_statues, hex_intersection,
          uniq_crazy_yiuf_cottage
D:6:      layout_loops_corners
D:7:      layout_cave_pools, uniq_duvessa
D:8:      layout_basic, lair_entry_dummy, basic_altar,
          ebering_ghost_rock_garden, elyvilon_altar_1, uniq_grum
Temple:   regret_index_temple_sigil_plot

Skill      XL: |  1  2  3  4  5  6  7  8  9 |
---------------+----------------------------+-----
Stealth        | 5 6 7 8 10 11 | 11.1
Short Blades   | 2 3 4 6 7 |  7.2
Hexes          | 5 6 7 8 |  8.9
Ice Magic      | 1 2 3 |  3.1
Dodging        | 3 4 5 |  5.6
Spellcasting   | 3 |  3.2
Evocations     | 2 3 |  3.1

Action                   |  1- 3 |  4- 6 |  7- 9 || total
-------------------------+-------+-------+-------++-------
Melee: Dagger            |   117 |   214 |   297 ||   628
       Bite              |     8 |     8 |    24 ||    40
 Cast: Ensorcelled Hiber |    13 |    38 |    34 ||    85
       Corona            |     1 |       |       ||     1
       Confuse           |       |     2 |    22 ||    24
Invok: Potion Petition   |       |       |     2 ||     2
 Abil: Exsanguinate      |     1 |       |       ||     1
 Stab: Sleeping          |    23 |    31 |    43 ||    97
       Confused          |       |     2 |    10 ||    12
       Distracted        |       |       |     1 ||     1
Armor: Robe              |    40 |       |       ||    40
       Troll leather arm |       |    47 |    68 ||   115
Dodge: Dodged            |   110 |   132 |   216 ||   458
